 Dungeon Crawl Stone Soup version 0.28-a0-1582-ge87ddf7 (webtiles) character file.

Game seed: 9565480912676651040

372477 Illumine the Ninja (level 22, -29/153 HPs)
             Began as an Octopode Brigand on Jan 18, 2022.
             Was an Initiate of Gozag.
             Killed from afar by a living spell (71 damage)
             ... with a crystal spear
             ... summoned by a walking crystal tome
             ... on level 3 of the Depths on Jan 20, 2022.
             The game lasted 02:34:58 (45640 turns).

Illumine the Ninja (Octopode Brigand)              Turns: 45640, Time: 02:34:59

Health: -29/153    AC:  6    Str: 20    XL:     22   Next: 70%
Magic:  22/22      EV: 27    Int: 31    God:    Gozag
Gold:   12707      SH: 14    Dex: 14    Spells: 21/21 levels left

rFire   + . .      SeeInvis +   V - +8 Vampire's Tooth {vamp}
rCold   + + .      Faith    .   T - +3 buckler
rNeg    + + +      Spirit   .   M - +1 hat of Autumn {rF+ Regen+ Int+8 SInv}
rPois   +          Reflect  +   Y - amulet of reflection
rElec   +          Harm     .   E - ring of Lady Luck {*Slow rC+ Will+ Int+6}
rCorr   +          Rampage  .   n - ring of Irrepressible Laughter {AC+4 Str-4 Slay+5}
Will    +++..                   i - ring of Igad {+Blink rC+ rN++ Str+2 Int-4} Stlth **++++++++
                                R - ring "Guyhunt" {rElec Will+ Int+6}
HPRegen 1.15/turn               t - ring of poison resistance
MPRegen 0.18/turn               g - +4 ring of evasion
                                X - ring "Efoek" {rN+ rCorr Str+3 Stlth+}
                                w - ring of Ylot Uqy Joss {SInv Stlth+}

@: gold aura, studying 2 skills
A: almost no armour, amphibious, 8 rings, camouflage 1, gelatinous body 1,
(nimble swimmer 1), tentacles, frail 1
}: 2/15 runes: serpentine, barnacled
a: Renounce Religion, Evoke Blink, Potion Petition, Call Merchant, Bribe Branch


You were on level 3 of the Depths.
You worshipped Gozag.
Gozag was extremely pleased with you.
You visited 8 branches of the dungeon, and saw 39 of its levels.
You also visited: Sewer, Gauntlet, Ice Cave and Desolation.

You collected 18982 gold pieces.
You spent 4152 gold pieces at shops.
You paid 2123 gold pieces to Gozag.

Inventory:

Hand Weapons
 c - the +8 lance "Wyrmbane" {slay drac, rPois rF+ rC+ AC+3}
   (You took it off a deep elf demonologist on level 3 of the Elven Halls)

   It inflicts extra damage against dragons and draconians.
   AC:        It affects your AC (+3).
   rF:        It protects you from fire.
   rC:        It protects you from cold.
   rPois:     It protects you from poison.
 z - the +9 dagger of Qazlal's Hope {vorpal, rCorr Str+8 Dex+3}
   (You found it on level 6 of the Dungeon)

   It inflicts extra damage upon your enemies.
   Str:       It affects your strength (+8).
   Dex:       It affects your dexterity (+3).
   rCorr:     It protects you from acid and corrosion.
 P - the +8 arc blade {discharge, rElec}
   (You took it off a merfolk on level 4 of the Shoals)

   It occasionally unleashes powerful arcs of lightning upon striking a foe.
   These may arc to other adjacent creatures (including the wielder, but dealing
   reduced damage to them) before grounding out.
   rElec:     It insulates you from electricity.
 V - the +8 Vampire's Tooth (weapon) {vamp}
   (You bought it in a shop on level 1 of the Lair of Beasts)

   It occasionally heals its wielder for the full amount of damage dealt when it
   wounds a living foe.
 Z - the +8 dagger of Fixation {vamp, MP+9 Stlth+}
   (You found it on level 2 of the Depths)

   It occasionally heals its wielder for a portion of the damage dealt when it
   wounds a living foe.
   MP:        It affects your magic capacity (+9).
   Stlth:     It makes you more stealthy.
Missiles
 r - 27 boomerangs (quivered)
 W - 15 silver javelins
Armour
 M - the +1 hat of Autumn (worn) {rF+ Regen+ Int+8 SInv}
   (You found it in a Gauntlet)

   Int:       It affects your intelligence (+8).
   rF:        It protects you from fire.
   SInv:      It lets you see invisible.
   Regen:     It increases your rate of health regeneration.
 T - a +3 buckler (worn)
Jewellery
 g - a +4 ring of evasion (on tentacle)
 i - the ring of Igad (on tentacle) {+Blink rC+ rN++ Str+2 Int-4}
   (You found it on level 3 of the Elven Halls)

   [ring of protection from cold]

   Str:       It affects your strength (+2).
   Int:       It affects your intelligence (-4).
   rC:        It protects you from cold.
   rN:        It greatly protects you from negative energy.
   +Blink:    It lets you blink.
 j - the ring of Nuoh {rCorr Str+3 Dex-5 Slay+3 SInv}
   (You found it on level 3 of the Elven Halls)

   [ring of see invisible]

   Str:       It affects your strength (+3).
   Dex:       It affects your dexterity (-5).
   Slay:      It affects your accuracy & damage with ranged weapons and melee
   (+3).
   SInv:      It lets you see invisible.
   rCorr:     It protects you from acid and corrosion.
 l - a ring of protection from cold
 n - the ring of Irrepressible Laughter (right tentacle) {AC+4 Str-4 Slay+5}
   (You found it in a Gauntlet)

   [ring of protection]

   AC:        It affects your AC (+4).
   Str:       It affects your strength (-4).
   Slay:      It affects your accuracy & damage with ranged weapons and melee
   (+5).
 t - a ring of poison resistance (on tentacle)
 w - the ring of Ylot Uqy Joss (on tentacle) {SInv Stlth+}
   (You found it in the Desolation of Salt)

   [ring of see invisible]

   SInv:      It lets you see invisible.
   Stlth:     It makes you more stealthy.
 E - the ring of Lady Luck (left tentacle) {*Slow rC+ Will+ Int+6}
   (You took it off a deep elf demonologist on level 3 of the Elven Halls)

   [ring of intelligence]

   Int:       It affects your intelligence (+6).
   rC:        It protects you from cold.
   *Slow:     It may slow you when you take damage.
   Will:      It increases your willpower.
 K - the amulet of Vitality {Regen+ HP+15}
   (You found it in a Gauntlet)

   [amulet of regeneration]

   HP:        It affects your health (+15).
   Regen:     It increases your rate of health regeneration.
 R - the ring "Guyhunt" (on tentacle) {rElec Will+ Int+6}
   (You acquired it on level 10 of the Dungeon)

   [ring of intelligence]

   Int:       It affects your intelligence (+6).
   rElec:     It insulates you from electricity.
   Will:      It increases your willpower.
 U - a ring of fire
 X - the ring "Efoek" (on tentacle) {rN+ rCorr Str+3 Stlth+}
   (You found it on level 13 of the Dungeon)

   [ring of resist corrosion]

   Str:       It affects your strength (+3).
   rN:        It protects you from negative energy.
   rCorr:     It protects you from acid and corrosion.
   Stlth:     It makes you more stealthy.
 Y - an amulet of reflection (around mantle)
Wands
 a - a wand of acid (26)
 e - a wand of paralysis (8)
 k - a wand of digging (15)
 F - a wand of polymorph (18)
 S - a wand of charming (7)
Scrolls
 b - 2 scrolls of enchant armour
 f - 3 scrolls of vulnerability
 m - 8 scrolls of magic mapping
 o - 10 scrolls of teleportation
 v - 2 scrolls of holy word
 y - 3 scrolls of silence
 A - 2 scrolls of torment
 B - 4 scrolls of summoning
 D - 4 scrolls of immolation
 G - 3 scrolls of fear
 Q - 3 scrolls of fog
Potions
 d - 11 potions of attraction
 h - 5 potions of resistance
 p - 4 potions of ambrosia
 q - 4 potions of flight
 s - 2 potions of invisibility
 u - 7 potions of mutation
 x - 7 potions of heal wounds
 C - 3 potions of cancellation
 I - 15 potions of curing
 L - 9 potions of haste
Miscellaneous
 H - a phial of floods (inert)
 J - a box of beasts (inert)
 N - a condenser vane (inert)
 O - a lightning rod (3/4)


   Skills:
 + Level 20.1 Fighting
 - Level 14.0 Short Blades
 - Level 10.6 Throwing
 + Level 20.6 Dodging
 O Level 27 Stealth
 * Level 10.1 Shields
 - Level 10.0 Evocations


You had 21 spell levels left.
You didn't know any spells.
Your spell library contained the following spells:

 Spells                   Type           Power      Damage    Failure   Level
 Beastly Appendage        Tmut           0%         N/A       11%         1
 Sting                    Tmut/Pois      0%         1d3       11%         1
 Corpse Rot               Necr/Air       0%         N/A       16%         2
 Passwall                 Tmut/Erth      0%         N/A       16%         2
 Poisonous Vapours        Pois/Air       0%         N/A       16%         2
 Static Discharge         Conj/Air       0%         N/A       16%         2
 Wereblood                Tmut           0%         N/A       16%         2
 Call Canine Familiar     Summ           0%         N/A       32%         3
 Confusing Touch          Hex            0%         N/A       32%         3
 Conjure Flame            Conj/Fire      0%         6-21      32%         3
 Dazzling Flash           Conj/Hex       0%         N/A       32%         3
 Frozen Ramparts          Ice            0%         1d2       32%         3
 Gell's Gravitas          Tloc           0%         N/A       32%         3
 Ignite Poison            Fire/Tmut/Pois 0%         N/A       32%         3
 Lesser Beckoning         Tloc           0%         N/A       32%         3
 Mephitic Cloud           Conj/Pois/Air  0%         N/A       32%         3
 Ozocubu's Armour         Ice            0%         N/A       32%         3
 Portal Projectile        Hex/Tloc       0%         N/A       32%         3
 Spider Form              Tmut/Pois      0%         N/A       32%         3
 Stone Arrow              Conj/Erth      0%         3d7       32%         3
 Summon Guardian Golem    Hex/Summ       0%         N/A       32%         3
 Teleport Other           Tloc           0%         N/A       32%         3
 Airstrike                Air            0%         N/A       71%         4
 Cause Fear               Hex            0%         N/A       71%         4
 Dispel Undead            Necr           0%         3d6       71%         4
 Fulminant Prism          Conj/Hex       0%         3d6       71%         4
 Hailstorm                Conj/Ice       0%         3d3       71%         4
 Ice Form                 Ice/Tmut       0%         N/A       71%         4
 Iskenderun's Mystic Bla  Conj/Tloc      0%         2d3       71%         4
 Leda's Liquefaction      Hex/Erth       0%         N/A       71%         4
 Olgreb's Toxic Radiance  Pois           0%         N/A       71%         4
 Petrify                  Tmut/Erth      0%         N/A       71%         4
 Sticky Flame             Conj/Fire      0%         2d3       71%         4
 Summon Ice Beast         Ice/Summ       0%         N/A       71%         4
 Agony                    Necr           0%         N/A       96%         5
 Blade Hands              Tmut           0%         N/A       96%         5
 Excruciating Wounds      Necr           0%         N/A       96%         5
 Fireball                 Conj/Fire      0%         3d3       96%         5
 Freezing Cloud           Conj/Ice/Air   0%         6-21      96%         5
 Iskenderun's Battlesphe  Conj           0%         2d6       96%         5
 Lee's Rapid Deconstruct  Erth           0%         3d5*      96%         5
 Lightning Bolt           Conj/Air       0%         1d11      96%         5
 Metabolic Englaciation   Hex/Ice        0%         N/A       96%         5
 Silence                  Hex/Air        0%         N/A       96%         5
 Summon Mana Viper        Hex/Summ       0%         N/A       96%         5
 Yara's Violent Unravell  Hex/Tmut       0%         3d3       96%         5
 Conjure Ball Lightning   Conj/Air       0%         3x3d6     100%        6
 Death Channel            Necr           0%         N/A       100%        6
 Dispersal                Tloc           0%         N/A       100%        6
 Iron Shot                Conj/Erth      0%         9d1       100%        6
 Simulacrum               Ice/Necr       0%         N/A       100%        6
 Statue Form              Tmut/Erth      0%         N/A       100%        6
 Dragon Form              Tmut           0%         N/A       100%        7
 Enfeeble                 Hex            0%         N/A       100%        7
 Haunt                    Necr/Summ      0%         N/A       100%        7
 Monstrous Menagerie      Summ           0%         N/A       100%        7
 Orb of Destruction       Conj           0%         9d5       100%        7
 Storm Form               Tmut/Air       0%         N/A       100%        7
 Summon Hydra             Summ           0%         N/A       100%        7
 Disjunction              Tloc           0%         N/A       100%        8
 Lehudib's Crystal Spear  Conj/Erth      0%         10d2      100%        8
 Necromutation            Tmut/Necr      0%         N/A       100%        8
 Dragon's Call            Summ           0%         N/A       100%        9
 Polar Vortex             Ice            0%         N/A       100%        9
 Animate Armour           Summ/Erth      Unusable   N/A       N/A         4

Dungeon Overview and Level Annotations

Branches:
Dungeon (15/15)            Temple (0/1) D:6            Lair (6/6) D:9
 Shoals (4/4) Lair:2        Snake (4/4) Lair:3        Slime (0/5) Lair:6
    Orc (2/2) D:12            Elf (3/3) Orc:2        Vaults (2/5) D:14
 Depths (3/4) D:15          Sewer (visited)           IceCv (visited)
Desolation (visited)      Gauntlet (visited)
  Crypt: Vaults:2-3

Altars:
Ashenzari
Dithmenos
Fedhas
Gozag
Hepliaklqana
Makhleb
Nemelex Xobeh
Okawaru
Qazlal
Ru
Sif Muna
Vehumet
Xom
The Shining One
Beogh

Shops:
D:2 :[!   D:10 *   D:12 [   Orc:1 =(   Orc:2 :**=   Lair:1 (   Snake:2 [
Vaults:1 =   Depths:2 *([

Portals:
Hell: Depths:1 Depths:2
Pandemonium: Depths:2

Annotations:
Lair:5 exclusion: oklob plant
Snake:3 Asterion
Elf:2 3 runed translucent doors
Elf:3 3 runed translucent doors


Innate Abilities, Weirdness & Mutations

You cannot wear most types of armour.
You are amphibious.
You can wear up to eight rings at the same time.
Your skin changes colour to match your surroundings (Stealth+).
Your rubbery body absorbs attacks. (AC +1, EV +1)
((You are camouflaged when in or above water. (Stealth+)))
You have tentacles for arms and can constrict up to eight enemies at once.
You are frail. (-10% HP)


Message History

The tengu reaver hits you with a +2 halberd of distortion!!!
Space warps around you. You block the tengu reaver's attack. x2
You see here 18 gold pieces.
You closely miss the tengu reaver. You grab the tengu reaver.
You constrict the tengu reaver.
The walking crystal tome erupts in a flurry of living spells!
You puncture the tengu reaver!
You squeeze the tengu reaver, but do no damage.
The tengu reaver is lightly wounded.
You constrict the tengu reaver, but do no damage.
The tengu reaver points at you and mumbles some strange words.
The bolt of lightning misses you.
You puncture the tengu reaver! You squeeze the tengu reaver.
The tengu reaver is moderately wounded.
You constrict the tengu reaver. You puncture the tengu reaver!
Your squeeze misses the tengu reaver.
The tengu reaver is heavily wounded.
You constrict the tengu reaver. You puncture the tengu reaver!
You squeeze the tengu reaver!
The tengu reaver is severely wounded.
You constrict the tengu reaver.
The walking crystal tome erupts in a flurry of living spells!
The tengu reaver hits you with a +2 halberd of distortion.
You blink.
You lose your grip on the tengu reaver.
Unknown command.
Aiming: Thunderbolt
Press: ? - help, Shift-Dir - straight line The thunderbolt hits the walking crystal tome.
The walking crystal tome is lightly damaged.
You hear a loud rustle.
The tengu warrior hits you with a +0 long sword!
* * * LOW HITPOINT WARNING * * *
The tengu warrior pecks you but does no damage.
The tengu warrior claws you.
* * * LOW HITPOINT WARNING * * *
The walking crystal tome is distracted by your dazzling golden aura.
The living spell casts itself at you. The crystal spear hits you!!!
You die...
Your body crumbles into a pile of gold.

.. #.. .. .
?. .#..
..####. ..#|#
## ##.####..
#*.#*....
#@.**# $
#Q*;##
##$Q#####
#[$##ยง...# $
#H$ #.$##..#
#####..# $
#..##### $
#..##..# .)#
#. $
#....##.[###.
###


You could see a walking crystal tome (unaware), a tengu reaver, a tengu warrior
and 5 living crystal spells.

Vanquished Creatures
  Mara (Vaults:2)
  Vashnia (Snake:2)
  Nikola (Shoals:2)
  Jorgrun (D:13)
  A tentacled monstrosity (Depths:3)
  4 deep elf blademasters (Elf:3)
  3 liches (Depths:2)
  A titan (Depths:2)
  3 quicksilver dragons
  A walking divine tome (Depths:2)
  2 deep elf master archers (Elf:3)
  3 sphinxes
  Frances (Snake:1)
  2 shadow dragons
  3 tengu reavers
  Donald (Snake:3)
  6 nagarajas
  Roxanne (Snake:4)
  4 fire giants
  3 storm dragons
  Aizul (Snake:3)
  7 vault wardens
  2 imperial myrmidons (Desolation)
  4 deep elf sorcerers (Elf:3)
  9 frost giants
  A deep elf elementalist (Elf:3)
  8 stone giants
  2 iron dragons (Depths:2)
  A reaper (Depths:2)
  2 ironbound preservers
  A spriggan defender (Depths:2)
  3 very ugly things (Depths:1)
  3 ironbound thunderhulks (Vaults:2)
  A war gargoyle (Desolation)
  A quicksilver ooze (shapeshifter) (Depths:3)
  5 vampire knights
  6 deep elf demonologists (Elf:3)
  Nessos (Orc:2)
  8 dire elephants
  A white draconian (IceCv)
  10 deep elf annihilators
  A spark wasp (Depths:2)
  A crystal guardian (Desolation)
  6 deep elf death magi (Elf:3)
  2 statues (D:13)
  11 merfolk impalers
  5 ettins
  6 merfolk javelineers
  8 ragged hierophants (Desolation)
  4 fire dragons
  A great orb of eyes (Depths:2)
  2 deep elf high priests
  10 yaktaur captains
  The ghost of Ubbricas the Slicer, a journeyman OpFi of Zin (Lair:2)
  4 servants of whispers (Desolation)
  6 naga warriors
  7 vault guards
  3 salamander tyrants
  5 hydras
  4 rakshasas
  4 boulder beetles
  11 ice dragons
  7 peacekeepers
  4 merfolk avatars
  A spriggan air mage (Depths:2)
  13 ironbound frosthearts
  The ghost of busb the Basher, a novice OgWn of Okawaru (D:9)
  A two-headed ogre (D:12)
  16 centaur warriors
  13 anacondas
  8 merfolk aquamancers (Shoals:3)
  An alligator snapping turtle (Shoals:4)
  A satyr (Shoals:2)
  10 death yaks
  6 deep troll shamans
  2 death knights
  A death scarab (Gauntlet)
  4 tengu warriors
  A spriggan berserker (Depths:2)
  3 deep troll earth magi
  A vampire mage (Depths:2)
  Urug (D:12)
  15 naga sharpshooters
  5 orc high priests (Orc:2)
  2 hell knights
  9 deep elf knights
  2 shock serpents
  5 skeletal warriors (D:14)
  9 iron trolls
  2 salamander mystics
  3 naga ritualists
  12 sea snakes
  12 deep trolls
  5 glowing orange brains
  An orange crystal statue (IceCv)
  A flayed ghost (Depths:3)
  A swamp dragon (Lair:6)
  13 harpies
  6 wizards
  13 deep elf archers
  10 ironbound convokers
  Pikel (D:9)
  A necromancer (Depths:2)
  3 phantasmal warriors
  12 lindwurms
  6 orc knights
  19 deep elf zephyrmancers
  3 orc sorcerers
  24 deep elf pyromancers
  37 ugly things
  4 mana vipers
  10 salamanders
  6 cyclopes
  A mana viper (shapeshifter) (D:15)
  12 manticores
  13 fauns
  22 black mambas
  7 water nymphs
  11 merfolk sirens
  Maurice (D:12)
  9 guardian serpents
  6 vault sentinels
  Joseph (D:10)
  A guardian serpent (shapeshifter) (D:15)
  10 naga magi
  5 torpor snails (Lair:6)
  4 unseen horrors
  6 molten gargoyles (Desolation)
  A gargoyle (Desolation)
  10 cane toads
  A komodo dragon (shapeshifter) (D:13)
  24 yaktaurs
  19 rime drakes
  2 hellwings (Depths:2)
  11 komodo dragons
  An ice devil (Depths:2)
  13 tengu conjurers
  3 freezing wraiths (D:13)
  A red devil (Depths:2)
  A merfolk (shapeshifter) (D:13)
  5 harpy zombies (Shoals:4)
  The ghost of Boromir the Skirmisher, an amateur MiFi (D:4)
  34 merfolk
  9 polar bears
  3 meliai (D:10)
  7 trolls
  Grinder (Sewer)
  7 hornets (Lair:6)
  4 blink frogs (Lair:2)
  12 dream sheep
  39 saltlings (Desolation)
  A raiju (shapeshifter) (Gauntlet)
  28 slime creatures
  7 wind drakes
  6 snapping turtles
  4 tyrant leeches (Lair:6)
  Sigmund (D:2)
  4 air elementals
  4 wraiths
  24 water elementals
  A spectral komodo dragon (Gauntlet)
  A vampire (D:13)
  8 basilisks
  4 wyverns
  42 yaks
  A fire elemental (Elf:1)
  3 steam dragons
  A warg (Orc:1)
  30 nagas
  Duvessa (D:7)
  3 acid dragons
  14 water moccasins
  A floating eye (Depths:2)
  A swamp drake (Lair:6)
  A spectral torpor snail (Gauntlet)
  11 boggarts
  38 orc warriors
  2 black bears (D:6)
  2 sky beasts
  4 necrophages
  3 ogres
  6 wolves (Lair:1)
  13 centaurs
  3 lemures (D:9)
  A phantom (D:8)
  A kobold brigand (Sewer)
  4 bullfrogs
  4 earth elementals
  2 gnoll sergeants
  4 scorpions
  A water moccasin zombie (D:5)
  Dowan (D:7)
  8 killer bees
  2 water moccasin skeletons
  5 wights
  4 howler monkeys
  A centaur zombie (D:5)
  3 hounds
  13 jellies (Lair:6)
  A bullfrog skeleton (D:5)
  38 orc priests
  Crazy Yiuf (D:2)
  2 centaur skeletons
  Terence (D:1)
  4 iguanas
  20 orc wizards
  A howler monkey zombie (D:10)
  20 gnolls
  10 adders
  A river rat (D:4)
  5 shadow imps
  4 white imps
  4 ufetubi
  2 worms
  3 dart slugs
  87 orcs
  7 bats
  5 endoplasms
  8 giant cockroaches
  5 goblins
  6 hobgoblins
  6 jackals (D:3)
  3 quokkas
  11 ball pythons
  6 frilled lizards
  18 kobolds
  5 rats
  A plant (Lair:6)
1499 creatures vanquished.

Vanquished Creatures (collateral kills)
  An ironbound convoker (Vaults:2)
1 creature vanquished.

Vanquished Creatures (others)
  An anaconda (Snake:2)
  17 dancing weapons
  A tengu conjurer (D:13)
  A water elemental (Elf:3)
  A centaur zombie (D:7)
  9 fungi
  131 plants
161 creatures vanquished.

Grand Total: 1661 creatures vanquished

Notes
Turn   | Place    | Note
-------+----------+-------------------------------------------
     0 | D:1      | Illumine the Octopode Brigand began the quest for the Orb.
     0 | D:1      | Reached XP level 1. HP: 14/14 MP: 1/1
    74 | D:1      | Reached XP level 2. HP: 19/19 MP: 2/2
   397 | D:1      | Reached XP level 3. HP: 24/24 MP: 3/3
   888 | D:1      | Reached skill level 6 in Stealth
  1149 | D:2      | Found Taiblimi's Armour Shop.
  1255 | D:2      | Found Zopaumm's Book Emporium.
  1325 | D:2      | Noticed Sigmund
  1388 | D:3      | Reached XP level 4. HP: 29/29 MP: 4/4
  2150 | D:4      | Noticed a necrophage
  2297 | D:2      | Found Axeps's Distillery.
  2459 | D:2      | Found a runed translucent door.
  2460 | D:2      | Noticed Crazy Yiuf
  2470 | D:2      | Killed Crazy Yiuf
  2471 | D:2      | Reached XP level 5. HP: 29/34 MP: 5/5
  2706 | D:2      | Noticed Terence
  2729 | D:1      | Killed Terence
  2778 | D:2      | Killed Sigmund
  2779 | D:2      | Reached skill level 5 in Short Blades
  2779 | D:2      | Reached skill level 7 in Stealth
  2779 | D:2      | Reached XP level 6. HP: 21/39 MP: 6/6
  3448 | D:4      | Killed a necrophage
  3449 | D:4      | Reached skill level 8 in Stealth
  3449 | D:4      | Reached XP level 7. HP: 42/45 MP: 7/7
  3450 | D:4      | Found a runed translucent door.
  3451 | D:4      | Noticed Boromir's ghost (amateur MiFi)
  3469 | D:4      | Found a stormy altar of Qazlal.
  3502 | D:4      | Found a runed translucent door.
  3605 | D:4      | Found an opulent altar of Gozag.
  3617 | D:4      | Became a worshipper of Gozag Ym Sagoz the Greedy
  3774 | D:5      | Entered Level 5 of the Dungeon
  3961 | D:5      | Reached XP level 8. HP: 17/51 MP: 8/8
  4669 | D:5      | Reached skill level 9 in Stealth
  4916 | D:5      | Found a sparkling altar of Nemelex Xobeh.
  5538 | D:5      | Found a burning altar of Makhleb.
  5797 | D:6      | Found a staircase to the Ecumenical Temple.
  6000 | D:6      | Reached XP level 9. HP: 57/58 MP: 9/9
  6008 | D:6      | Found a glowing drain.
  6028 | Sewer    | Entered a sewer
  6247 | Sewer    | Found an ancient bone altar of Kikubaaqudgha.
  6711 | Sewer    | Noticed Grinder
  6716 | Sewer    | Paralysed by Grinder for 3 turns
  6724 | Sewer    | Killed Grinder
  6725 | Sewer    | Reached skill level 10 in Stealth
  7059 | D:6      | Reached skill level 1 in Evocations
  7446 | D:6      | Identified the +9 dagger of Qazlal's Hope {vorpal, rCorr
                  | Str+8 Dex+3}
  7801 | D:7      | Noticed Duvessa
  7801 | D:7      | Noticed Dowan
  7823 | D:7      | Killed Duvessa
  7826 | D:7      | Killed Dowan
  7913 | D:7      | Found a sacrificial altar of Ru.
  7913 | D:7      | Found a blossoming altar of Fedhas.
  7927 | D:7      | Found a shimmering blue altar of Sif Muna.
  7946 | D:7      | Reached skill level 5 in Fighting
  8132 | D:7      | Found a shimmering altar of Xom.
  8256 | D:7      | Found a glowing golden altar of the Shining One.
  8576 | D:7      | Noticed a white ugly thing
  8715 | D:7      | Reached skill level 5 in Dodging
  8715 | D:7      | Reached XP level 10. HP: 47/66 MP: 10/10
  8934 | D:8      | Found a shadowy altar of Dithmenos.
  9055 | D:8      | Found an iron altar of Okawaru.
  9147 | D:8      | Found a radiant altar of Vehumet.
  9602 | D:9      | Found a broken altar of Ashenzari.
  9652 | D:9      | Noticed a deep elf pyromancer
  9657 | D:9      | Killed a deep elf pyromancer
  9658 | D:9      | Reached skill level 10 in Short Blades
  9658 | D:9      | Reached skill level 11 in Stealth
  9829 | D:9      | Found a staircase to the Lair.
 10037 | D:9      | Noticed Pikel
 10061 | D:9      | Killed Pikel
 10219 | D:9      | Got the Grimoire of Calling
 10269 | D:9      | Reached skill level 12 in Stealth
 10386 | D:9      | Found a runed translucent door.
 10386 | D:9      | Noticed busb's ghost (novice OgWn)
 10747 | Lair:1   | Entered Level 1 of the Lair of Beasts
 10971 | Lair:1   | Reached skill level 5 in Evocations
 11212 | Lair:1   | Noticed a cane toad
 11220 | Lair:1   | Killed a cane toad
 11221 | Lair:1   | Reached XP level 11. HP: 74/74 MP: 11/11
 11274 | Lair:1   | Noticed a lindwurm
 11280 | Lair:1   | Killed a lindwurm
 11281 | Lair:1   | Reached skill level 13 in Stealth
 12204 | Lair:2   | Found a gate leading to a gauntlet.
 12211 | Gauntlet | Entered a Gauntlet
 12211 | Gauntlet | Noticed a sixfirhy
 12211 | Gauntlet | Found a transporter.
 12211 | Gauntlet | Found a runed translucent gate.
 12211 | Gauntlet | Found a transporter.
 12211 | Gauntlet | Found a runed translucent gate.
 12212 | Gauntlet | Found a runed translucent gate.
 12214 | Gauntlet | Found a transporter.
 12217 | Gauntlet | Found a transporter.
 12248 | Gauntlet | Noticed a ghost crab
 12250 | Gauntlet | Found a transporter.
 12250 | Gauntlet | Found a transporter.
 12252 | Gauntlet | Found a transporter.
 12252 | Gauntlet | Found a transporter.
 12265 | Gauntlet | Found a transporter.
 12279 | Gauntlet | Noticed a death scarab
 12280 | Gauntlet | Found a transporter.
 12280 | Gauntlet | Noticed a death scarab
 12290 | Gauntlet | Found a transporter.
 12319 | Gauntlet | Noticed an orange crystal statue
 12335 | Gauntlet | Found a transporter.
 12352 | Gauntlet | Found a transporter.
 12352 | Gauntlet | Found the amulet of Vitality {Regen+ HP+15}
 12357 | Gauntlet | Found a runed translucent door.
 12359 | Gauntlet | Found a runed translucent door.
 12361 | Gauntlet | Noticed a fire crab
 12363 | Gauntlet | Found a transporter.
 12534 | Gauntlet | Identified the +1 hat of Autumn {rF+ Regen+ Int+8 SInv}
 12594 | Gauntlet | Killed a death scarab
 12604 | Gauntlet | Identified the ring of Irrepressible Laughter {AC+4 Str-4
                  | Slay+5}
 12624 | Gauntlet | Noticed a minotaur
 12639 | Gauntlet | Got Vucyph's Handbook of the Mutagenic Frostbite
 12647 | Lair:2   | Found a large runed translucent door.
 12648 | Lair:2   | Found a large runed translucent door.
 12651 | Lair:2   | Noticed Ubbricas's ghost (journeyman OpFi)
 12697 | Lair:2   | Reached skill level 14 in Stealth
 12842 | Lair:2   | Got the Handbook of Flight and Fire
 13113 | Lair:2   | Found a staircase to the Shoals.
 13268 | Lair:2   | Reached skill level 15 in Stealth
 13326 | Lair:2   | Noticed a six-headed hydra
 13332 | Lair:2   | Killed a six-headed hydra
 13333 | Lair:2   | Reached XP level 12. HP: 82/82 MP: 12/12
 13594 | Lair:3   | Found a staircase to the Snake Pit.
 13874 | Lair:3   | Reached skill level 16 in Stealth
 14911 | Lair:5   | Reached skill level 17 in Stealth
 15121 | Lair:5   | Noticed a seven-headed hydra
 15126 | Lair:5   | Killed a seven-headed hydra
 15244 | Lair:5   | Found a shimmering altar of Xom.
 15269 | Lair:5   | Noticed a seven-headed hydra
 15304 | Lair:5   | Killed a seven-headed hydra
 15376 | Lair:5   | Found a glowing golden altar of the Shining One.
 15389 | Lair:5   | Reached XP level 13. HP: 90/90 MP: 13/13
 15675 | Lair:6   | Entered Level 6 of the Lair of Beasts
 15835 | Lair:1   | Bought the +8 Vampire's Tooth {vamp} for 2100 gold pieces
 15835 | Lair:1   | Found the +8 Vampire's Tooth {vamp}
 16163 | Lair:5   | Reached skill level 18 in Stealth
 16314 | Lair:6   | Noticed a fire dragon
 16324 | Lair:6   | Killed a fire dragon
 16649 | Lair:6   | Reached skill level 10 in Fighting
 16706 | Lair:6   | Found a runed translucent door.
 16706 | Lair:6   | Noticed a fire dragon
 16725 | Lair:6   | Killed a fire dragon
 16726 | Lair:6   | Reached skill level 19 in Stealth
 16822 | Lair:6   | Reached skill level 10 in Dodging
 16829 | Lair:6   | Reached skill level 10 in Evocations
 17088 | Lair:6   | Found a staircase to the Slime Pits.
 17120 | Lair:6   | Reached XP level 14. HP: 99/99 MP: 14/14
 17230 | Lair:6   | Found a radiant altar of Vehumet.
 17300 | Lair:6   | Reached skill level 20 in Stealth
 17722 | Lair:1   | Identified the +0 ring mail of Gijid {rN++ Str+4 Slay-4}
 17877 | D:4      | Killed Boromir's ghost
 18050 | D:9      | Killed busb's ghost
 18151 | D:10     | Entered Level 10 of the Dungeon
 18199 | D:10     | Noticed Joseph
 18211 | D:10     | Killed Joseph
 18584 | D:10     | Found Nosae's General Store.
 18694 | D:10     | Bought a potion of cancellation for 104 gold pieces
 18700 | D:10     | Identified a scroll of acquirement
 18701 | D:10     | Acquired the ring "Guyhunt" {rElec Will+ Int+6}
 19745 | D:12     | Noticed Maurice
 19752 | D:12     | Killed Maurice
 19753 | D:12     | Reached skill level 1 in Shields
 19959 | D:12     | Noticed Urug
 19962 | D:12     | Found a staircase to the Orcish Mines.
 20099 | D:12     | Killed Urug
 20105 | D:12     | Found Ucle Ysku's Armour Shoppe.
 20661 | Orc:1    | Entered Level 1 of the Orcish Mines
 20809 | Orc:1    | Found Verogaso's Weapon Shop.
 20864 | Orc:1    | Found Ydwiff's Jewellery Shop.
 21061 | Orc:2    | Entered Level 2 of the Orcish Mines
 21110 | Orc:2    | Noticed Nessos
 21125 | Orc:2    | Killed Nessos
 21253 | Orc:2    | Found a staircase to the Elven Halls.
 21379 | Orc:2    | Reached skill level 21 in Stealth
 21769 | Orc:2    | Gained mutation: You are frail. (-10% HP) [a neqoxec]
 21871 | Orc:2    | Reached XP level 15. HP: 97/97 MP: 15/15
 21989 | Orc:2    | Found Ruicko Emar's Book Boutique.
 21989 | Orc:2    | Found Puocawnesh's Jewellery Boutique.
 21990 | Orc:2    | Found Wimpag's General Store.
 21990 | Orc:2    | Found Duidasmet's Assorted Antiques.
 21998 | Orc:2    | Bought a scroll of fear for 52 gold pieces
 22000 | Orc:2    | Bought a forked gold wand for 120 gold pieces
 22000 | Orc:2    | Bought a scroll of identify for 60 gold pieces
 22002 | Orc:2    | Bought a ring of poison resistance for 300 gold pieces
 22002 | Orc:2    | Bought a +4 ring of evasion for 540 gold pieces
 23114 | D:13     | Found a radiant altar of Vehumet.
 23114 | D:13     | Noticed Jorgrun
 23119 | D:13     | Killed Jorgrun
 23144 | D:13     | Reached skill level 22 in Stealth
 23146 | D:13     | Identified the ring "Efoek" {rN+ rCorr Str+3 Stlth+}
 23165 | D:13     | Identified the +10 dire flail "Newtbane" {drain, rCorr
                  | Dex+2 SInv}
 23929 | D:14     | Upgraded the game from 0.28-a0-1545-g945cd3f to
                  | 0.28-a0-1568-g77cbbf6
 24097 | D:14     | Found a gate to the Vaults.
 24316 | D:14     | Found a shimmering blue altar of Sif Muna.
 24452 | D:15     | Entered Level 15 of the Dungeon
 24558 | D:15     | Reached XP level 16. HP: 105/105 MP: 16/16
 24712 | D:15     | Found an iron altar of Okawaru.
 24930 | D:15     | Identified the +3 scale mail "Lewati" {Harm Will++ Slay+3}
 25128 | D:15     | Reached skill level 23 in Stealth
 25179 | D:15     | Found a staircase to the Depths.
 25984 | Snake:1  | Entered Level 1 of the Snake Pit
 26065 | Snake:1  | Noticed Frances
 26085 | Snake:1  | Killed Frances
 27365 | Snake:2  | Noticed Vashnia
 27395 | Snake:2  | Killed Vashnia
 27623 | Snake:2  | Reached skill level 15 in Dodging
 28021 | Snake:3  | Noticed Aizul
 28030 | Snake:3  | Killed Aizul
 28031 | Snake:3  | Reached XP level 17. HP: 113/113 MP: 17/17
 28044 | Snake:3  | Noticed Donald
 28061 | Snake:3  | Killed Donald
 28219 | Snake:3  | Found a hazy altar of Hepliaklqana.
 28315 | Snake:3  | Reached skill level 15 in Fighting
 28334 | Snake:3  | Noticed Asterion
 28461 | Shoals:1 | Entered Level 1 of the Shoals
 29206 | Shoals:2 | Noticed Nikola
 29225 | Shoals:2 | Killed Nikola
 29786 | Shoals:4 | Entered Level 4 of the Shoals
 29792 | Shoals:4 | Reached skill level 5 in Throwing
 30088 | Shoals:3 | Reached XP level 18. HP: 110/121 MP: 18/18
 30630 | Shoals:4 | Got a barnacled rune of Zot
 31516 | Lair:2   | Killed Ubbricas's ghost
 31684 | Elf:1    | Entered Level 1 of the Elven Halls
 32236 | Elf:1    | Reached skill level 24 in Stealth
 32635 | Elf:2    | Found a crumbling gateway.
 32667 | Desolati | Entered the Desolation of Salt
 32792 | Desolati | Got Cadeil's Handbook of Evil Shape Shifting
 32879 | Desolati | Identified the ring of Ylot Uqy Joss {SInv Stlth+}
 32914 | Desolati | Identified the +5 flail "Iwutai" {vorpal, Str+7}
 32935 | Desolati | Identified the +2 robe "Ducokoc" {+Inv rF+ Str-4 Dex+7}
 32962 | Desolati | Reached XP level 19. HP: 129/129 MP: 19/19
 33162 | Desolati | Identified the +6 chain mail of the Albatross {Int+3}
 33170 | Desolati | Identified the +7 short sword "Oxtei" {vorpal, rF+}
 33180 | Desolati | Identified the +0 leather armour "Caamyra" {Regen+ Int-5
                  | Dex+2}
 33872 | Elf:2    | Found a runed translucent gate.
 33873 | Elf:2    | Found a runed translucent gate.
 33873 | Elf:2    | Found a runed translucent gate.
 34139 | Elf:3    | Entered Level 3 of the Elven Halls
 34158 | Elf:3    | Reached skill level 25 in Stealth
 34268 | Elf:3    | Found a shimmering blue altar of Sif Muna.
 34515 | Elf:3    | Reached skill level 10 in Throwing
 34814 | Elf:3    | Identified the +5 plate armour "Holuliroaw" {Str+2}
 35040 | Elf:3    | Identified the ring of Lady Luck {*Slow rC+ Will+ Int+6}
 35065 | Elf:3    | Reached skill level 26 in Stealth
 35111 | Elf:3    | Identified the ring of Nuoh {rCorr Str+3 Dex-5 Slay+3 SInv}
 35114 | Elf:3    | Identified the ring of Igad {+Blink rC+ rN++ Str+2 Int-4}
 35122 | Elf:3    | Identified the +1 robe of Iger {Dex+4}
 35128 | Elf:3    | Identified the +7 battleaxe of the Eternal Void {vorpal,
                  | *Noise rElec Str+7}
 35129 | Elf:3    | Found the +0 staff of Battle
 35154 | Elf:3    | Identified the +4 chain mail of Piatsaath {Harm rPois
                  | Stlth-}
 35457 | Elf:3    | Found a runed translucent gate.
 35458 | Elf:3    | Found a runed translucent gate.
 35459 | Elf:3    | Found a runed translucent gate.
 35709 | Vaults:1 | Entered Level 1 of the Vaults
 35719 | Vaults:1 | Reached XP level 20. HP: 137/137 MP: 20/20
 36618 | Vaults:1 | Reached skill level 27 in Stealth
 36922 | Vaults:1 | Identified the +7 chain mail of Cadejaw {-Cast *Corrode
                  | rElec Dex+5}
 36971 | Vaults:1 | Found Saidis's Jewellery Boutique.
 36975 | Vaults:1 | Bought an amulet of reflection for 660 gold pieces
 38676 | Vaults:2 | Reached XP level 21. HP: 106/145 MP: 21/21
 38845 | Vaults:2 | Noticed Mara
 38852 | Vaults:2 | Noticed Illumine's illusion
 38865 | Vaults:2 | Killed Mara
 39335 | Snake:4  | Entered Level 4 of the Snake Pit
 39358 | Snake:4  | Found a frozen archway.
 39366 | IceCv    | Entered an ice cave
 39458 | IceCv    | Reached skill level 5 in Shields
 40049 | IceCv    | Found the +4 skin of Zhor {*Englaciate rC+++ SInv}
 40801 | Snake:4  | Noticed Roxanne
 40826 | Snake:4  | Killed Roxanne
 41289 | Snake:4  | Got a serpentine rune of Zot
 41771 | Depths:1 | Entered Level 1 of the Depths
 41771 | Depths:1 | Found a gateway to Hell.
 42180 | Depths:1 | Found a shimmering altar of Xom.
 42180 | Depths:1 | Found a shimmering altar of Xom.
 42187 | Depths:1 | Found a shimmering altar of Xom.
 42187 | Depths:1 | Found a shimmering altar of Xom.
 42188 | Depths:1 | Found a shimmering altar of Xom.
 42189 | Depths:1 | Found a shimmering altar of Xom.
 42409 | Depths:1 | Got the Catalogue of Contamination and Feathers
 42591 | Depths:1 | Upgraded the game from 0.28-a0-1568-g77cbbf6 to
                  | 0.28-a0-1581-g477bb3a
 42865 | Depths:1 | Upgraded the game from 0.28-a0-1581-g477bb3a to
                  | 0.28-a0-1582-ge87ddf7
 43309 | Depths:1 | Reached XP level 22. HP: 115/153 MP: 22/22
 43802 | Depths:2 | Identified the +8 dagger of Fixation {vamp, MP+9 Stlth+}
 44302 | Depths:2 | Found Puxkog's General Store.
 44310 | Depths:2 | Found Kuink's Weapon Boutique.
 44324 | Depths:2 | Bought 6 silver javelins for 216 gold pieces
 44382 | Depths:2 | Found a one-way gate leading to the halls of Pandemonium.
 44785 | Depths:2 | Found Agiz's Armour Boutique.
 45618 | Depths:3 | Reached skill level 10 in Shields
 45640 | Depths:3 | Killed from afar by a living spell

Illustrated notes

Levels and vault maps discovered:
D:1:      dpeg_arrival_radiant, layout_basic
D:2:      layout_loops_corners, serial_shops, nicolae_shop_statue_plus,
          shop_statue, shop_statue, minmay_pentomino_r4, uniq_terence,
          uniq_sigmund, uniq_crazy_yiuf_cottage
D:3:      layout_loops_ring
D:4:      layout_rooms, nicolae_qazlal_general_emergency,
          nicolae_gozag_seed_capital, ebering_ghost_sewer_f, grunt_ministairs_2
D:5:      layout_cave_pools, mainiacjoe_overflow_six_doors_small,
          lemuel_doored_altar, minmay_hedge_maze, grunt_decor_cap
D:6:      layout_gridville, minmay_temple_entry_crystal_x,
          cheibrodos_sewer_entry_bend
D:7:      layout_basic, overflow_temple_1_default, mainiacjoe_overflow_24_doors,
          nicolae_tso_swordbearing_angel, mainiacjoe_overflow_divided_tiny,
          marbit_many_paths, hangedman_misty_isle, uniq_prince_ribbit1,
          uniq_duvessa
D:8:      layout_rooms, grunt_dithmenos_shadows, mainiacjoe_overflow_catwalk,
          vehumet_crystals, special_room [special_room_orc]
D:9:      layout_loops_corners, mainiacjoe_overflow_tiny_flanked,
          lair_entry_dummy, ebering_ghost_inner_flame, minmay_orc_keep,
          uniq_pikel
D:10:     layout_long_grid, serial_glass, glass_columns_b, glass_columns_c,
          glass_columns_a, glass_columns_b, glass_columns_a, glass_columns_a,
          minmay_strange_pillars, feat_on_display, serial_shops,
          nicolae_shop_waterfront, abandoned_shop, dk_noncrumbling_2,
          minmay_misc_feat_tiny, small_chamber_with_monster,
          chequers_serial_rivers_marsh, uniq_joseph
D:11:     layout_loops_cross
D:12:     layout_irregular_city, orc_david_3, uniq_urug, uniq_maurice
D:13:     evilmike_halls_of_destruction, layout_loops_cross
D:14:     layout_basic, david_vaults_5, nicolae_benzene_ring, led_sif_pool
D:15:     gammafunk_enter_depths_forms, layout_stronghold, okawaru_trees_1
Lair:1:   layout_regular_city
Lair:2:   layout_concentric_octagons, elwin_shoals_entry_stream,
          gauntlet_entry_generic, ebering_ghost_disaster_area,
          chequers_serial_rivers_micro_e, minivault_24, lemuel_fruit_tree
Lair:3:   layout_big_grid, guppyfry_snake_entry_island
Lair:4:   layout_cave_shapes, lemuel_fruit_fields
Lair:5:   layout_cave_pods, basic_altar, lemuel_centaur_altar
Lair:6:   guppyfry_lair_end_dragon, layout_big_grid, wormcave,
          minmay_slime_entry_jelly_boxes, serial_rivers,
          chequers_serial_rivers_micro_d, chequers_serial_rivers_room_a,
          chequers_serial_rivers_micro_c, chequers_serial_rivers_small_3,
          basic_altar, grunt_forest_small_clearing_treed
Shoals:1: layout_shoals
Shoals:2: layout_shoals, uniq_nikola
Shoals:3: layout_shoals, nicolae_shoals_water_shrine
Shoals:4: shoals_end_simple, layout_shoals, nicolae_shoals_undead_eyrie
Snake:1:  layout_grid_shapes, grunt_megastairs_4, serial_bayou_shore_b,
          uniq_frances
Snake:2:  layout_gridlike, uniq_vashnia
Snake:3:  layout_misc_corridors, basic_altar, serial_bayou_shore_b,
          serial_bayou_shore_b, uniq_asterion, uniq_donald, uniq_aizul
Snake:4:  hellmonk_snake_rune_quicksilver_temple, layout_onion_interference,
          portal_ice_cave_entry_dragon, nicolae_snake_squiggles,
          serial_bayou_crossing, uniq_roxanne
Orc:1:    layout_caves, serial_shops, nicolae_shop_hallway_plus, shop
Orc:2:    st_orc_pillars, layout_diamond_mine, uniq_nessos
Elf:1:    layout_geoelf_octagon, evilmike_minifort
Elf:2:    nicolae_elf_blades_crystal_corner, layout_gridlike,
          portal_desolation_entry_twin_temple
Elf:3:    minmay_elf_hall_quartered_circle, layout_geoelf_castle, basic_altar,
          nicolae_elf_hall_of_bonks
Vaults:1: hangedman_vaults_trim, ontoclasm_vaults_fault,
          nicolae_vaults_what_the_h, v_pattern_2,
          nicolae_vaults_border_crossing, nicolae_vaults_little_squares_1,
          ontoclasm_vaults_gallery, layout_vaults_omnigrid, serial_shops, shop
Vaults:2: v_misc_1, v_misc_4, vaults_room_octagon, ontoclasm_vaults_ring_small,
          minmay_crypt_entry_vampire_xt, ontoclasm_vaults_fire_temple,
          v_misc_33, v_misc_26, grunt_vaults_hallway_long, vaults_room_corners,
          nicolae_vaults_hallways_thing, hangedman_vaults_corner_blocks,
          vaults_mumra_lcd, layout_vaults_omnibox, uniq_sojobo, uniq_mara
Depths:1: layout_basic, serial_aquarium, aquarium_bridge_square
          [aquarium_subvault_window, aquarium_subvault_wall,
          aquarium_subvault_bridge, aquarium_subvault_bridge],
          aquarium_bridge_straight [aquarium_subvault_bridge,
          aquarium_subvault_wall, aquarium_subvault_bridge,
          aquarium_subvault_window], aquarium_window_2, aquarium_window_fake,
          aquarium_view_2c, aquarium_view_2e, aquarium_pool_1, hell_entry,
          chequers_big_river, xom_redecorated
Depths:2: kennysheep_snake, layout_cross, serial_shops, shop,
          nicolae_shop_waterfront, nicolae_shop_hallway_plus,
          rand_demon_pan_entry_8, grunt_hell_entry_dis_old, minivault_14,
          serial_bayou, serial_bayou_ford_a, serial_bayou_pond_c,
          serial_bayou_pond_c, serial_bayou_lagoon_a, serial_bayou_pond_d
Depths:3: minmay_four_inscribed_fans, layout_honeycomb, grunt_mini_vestibule,
          abyss_entry, infiniplex_staircase_spiral

Skill      XL: |  1  2  3  4  5  6  7  8  9 10 11 12 13 14 15 16 17 18 19 20 21 22 |
---------------+-------------------------------------------------------------------+-----
Short Blades   | 3 4 5 6 7 8 9 10 14 | 14.0
Stealth        | 6 7 8 9 10 12 15 17 19 21 22 23 24 26 27 | 27.0
Dodging        | 2 3 5 6 7 9 10 11 13 15 16 17 18 19 20 | 20.6
Fighting       | 4 5 6 8 9 10 11 13 14 16 17 18 19 20 | 20.1
Evocations     | 2 5 7 8 10 | 10.0
Throwing       | 3 6 9 10 | 10.6
Shields        | 4 9 10 | 10.1

Action                   |  1- 3 |  4- 6 |  7- 9 | 10-12 | 13-15 | 16-18 | 19-21 | 22-24 || total
-------------------------+-------+-------+-------+-------+-------+-------+-------+-------++-------
Melee: Dagger            |    44 |    92 |   284 |   342 |    17 |       |       |       ||   779
       Constrict         |     6 |    22 |    56 |    38 |   153 |   166 |   159 |    25 ||   625
       Tentacles         |     6 |    22 |    72 |    87 |   410 |   470 |   836 |   253 ||  2156
       Punch             |       |     1 |     4 |     6 |    28 |    26 |    59 |    19 ||   143
       Quick blade       |       |       |       |       |  1194 |  1348 |  1919 |   576 ||  5037
       Rapier            |       |       |       |       |       |     3 |       |       ||     3
Throw: Dart              |       |     8 |     2 |       |       |       |       |       ||    10
       Boomerang         |       |       |       |       |     2 |    19 |     7 |     9 ||    37
Invok: Call Merchant     |       |       |       |     1 |       |     1 |       |       ||     2
       Potion Petition   |       |       |       |       |       |       |     1 |       ||     1
Evoke: Wand              |       |       |     7 |    12 |     1 |     1 |     5 |       ||    26
       Condenser vane    |       |       |       |     1 |     1 |     2 |     3 |     1 ||     8
       Phial of floods   |       |       |       |       |     1 |       |     2 |     1 ||     4
       Box of beasts     |       |       |       |       |       |     1 |     2 |     1 ||     4
       Lightning rod     |       |       |       |       |       |       |       |     1 ||     1
  Use: Scroll            |     2 |       |     7 |     8 |    18 |     3 |     4 |     1 ||    43
       Potion            |       |       |     1 |     2 |     3 |     3 |     7 |     1 ||    17
 Stab: Sleeping          |    25 |    13 |    23 |    33 |    76 |    76 |    87 |    22 ||   355
       Distracted        |       |     1 |     3 |     3 |    12 |    18 |    31 |     8 ||    76
       Paralysed         |       |       |       |     1 |     1 |       |       |       ||     2
       Invisible         |       |       |       |     1 |       |       |     4 |       ||     5
       Fleeing           |       |       |       |       |       |       |       |     2 ||     2
Armor: Skin              |     4 |     4 |    11 |    10 |    51 |    26 |    61 |    16 ||   183
Dodge: Dodged            |    15 |    46 |   176 |   183 |   384 |   691 |   654 |   172 ||  2321
Block: Buckler           |       |       |       |       |    86 |   290 |   411 |   146 ||   933
       Reflection        |       |       |       |       |       |       |    18 |     2 ||    20

Table legend: (Time is in decaauts)
 A = Elapsed time spent in this place.
 B = Non-inter-level travel time spent in this place.
 C = Inter-level travel time spent in this place.
 D = Time resting spent in this place.
 E = Time spent auto-exploring this place.
 F = Levels seen in this place.
 G = Mean time per level.
                   A        B        C        D        E       F      G
               +--------+--------+--------+--------+--------+-----+--------+
         Total |  42083 |  38604 |   3479 |   4497 |  20464 |  43 |  978.7 |
       Dungeon |  16150 |  14514 |   1636 |   1910 |   8756 |  15 | 1076.7 |
          Lair |   6693 |   5794 |    899 |    798 |   3595 |   6 | 1115.5 |
        Shoals |   2623 |   2552 |     71 |    162 |   1157 |   4 |  655.8 |
     Snake Pit |   3521 |   3239 |    282 |    160 |   1807 |   4 |  880.2 |
  Orcish Mines |   1677 |   1560 |    117 |      0 |    804 |   2 |  838.5 |
   Elven Halls |   2773 |   2675 |     98 |    123 |   1314 |   3 |  924.3 |
        Vaults |   2662 |   2556 |    106 |    238 |   1127 |   2 | 1331.0 |
        Depths |   3236 |   2969 |    267 |    387 |   1232 |   3 | 1078.7 |
         Sewer |    953 |    953 |      0 |    461 |    324 |   1 |  953.0 |
      Ice Cave |    652 |    652 |      0 |    119 |    196 |   1 |  652.0 |
    Desolation |    712 |    712 |      0 |     29 |    123 |   1 |  712.0 |
      Gauntlet |    426 |    426 |      0 |    109 |     29 |   1 |  426.0 |
               +--------+--------+--------+--------+--------+-----+--------+

Top non-repeatable levels by time:
Vaults:1: 1826 daAuts
Depths:2: 1633 daAuts
     D:9: 1551 daAuts
  Lair:1: 1488 daAuts
     D:5: 1407 daAuts
Depths:1: 1349 daAuts
     D:2: 1330 daAuts
  Lair:5: 1324 daAuts
  Lair:6: 1304 daAuts
   Elf:3: 1304 daAuts
    D:15: 1300 daAuts
 Snake:4: 1220 daAuts
   Orc:2: 1161 daAuts
     D:4: 1128 daAuts
  Lair:2: 1118 daAuts
